 Dungeon Crawl Stone Soup version 0.20.0-8-g6b59dc7 (webtiles) character file.

20 mopl the Changer (level 2, 0/14 HPs)
             Began as a Spriggan Transmuter on May 31, 2017.
             Slain by a quokka (3 damage)
             ... on level 2 of the Dungeon.
             The game lasted 00:01:45 (798 turns).

mopl the Changer (Spriggan Transmuter)               Turns: 798, Time: 00:01:45

Health: 0/14       AC:  2    Str:  6    XL:     2   Next: 58%
Magic:  0/6        EV: 18    Int: 14    God:
Gold:   9          SH:  0    Dex: 16    Spells: 3/6 levels left

rFire    . . .     SeeInvis +     - Unarmed
rCold    . . .     Gourm    .   (shield restricted)
rNeg     . . .     Faith    .   b - +0 robe
rPois    .         Spirit   .   (helmet restricted)
rElec    .         Reflect  .   (no cloak)
rCorr    .         Harm     .   (gloves unavailable)
MR       .....                  (boots unavailable)
Stlth    +.........             e - amulet of rage
Regen    0.1/turn               (no ring)
MPRegen  0.1/turn               (no ring)

@: appendage, very quick
A: unfitting armour, horns 2, see invisible, herbivore 3, speed 3, slow
metabolism 2
a: End Transformation, Evoke Berserk Rage


You were on level 2 of the Dungeon.
You were not hungry.
You had grown temporary horns.
You visited 1 branch of the dungeon, and saw 2 of its levels.

You collected 9 gold pieces.

Inventory:

Missiles
 a - 25 arrows
 g - 20 stones (quivered)
 o - 22 sling bullets
Armour
 b - a +0 robe (worn)
Jewellery
 e - an amulet of rage (around neck)
Scrolls
 l - 3 scrolls of fear {unknown}
 m - a scroll of enchant weapon {unknown}
 n - a scroll of identify {unknown}
 p - a scroll of recharging {unknown}
 q - a scroll of remove curse {unknown}
 r - a scroll of magic mapping {unknown}
Potions
 f - a potion of flight {unknown}
 h - a potion of curing {unknown}
 j - a potion of magic {unknown}
Books
 c - a book of Changes

   Spells                             Type                      Level
   a - Beastly Appendage              Transmutation                1
   b - Sticks to Snakes               Transmutation                2
   c - Spider Form                    Transmutation/Poison         3
   d - Ice Form                       Ice/Transmutation            4
   e - Blade Hands                    Transmutation                5
Comestibles
 d - 3 bread rations
 i - a royal jelly
 k - a fruit


   Skills:
 - Level 0.7 Fighting
 - Level 3.0 Dodging
 * Level 2.8 Unarmed Combat
 + Level 2.9 Spellcasting
 + Level 3.3 Transmutations


You had 3 spell levels left.
You knew the following spells:

 Your Spells              Type           Power        Failure   Level  Hunger
a - Beastly Appendage     Tmut           ##....       5%          1    #......
w - Sticks to Snakes      Tmut           ##......     9%          2    ##.....


Dungeon Overview and Level Annotations

Branches:
Dungeon (2/15)

Altars:


Innate Abilities, Weirdness & Mutations

You are very small and have problems with some larger weapons.
You are too small for most types of armour.
You have supernaturally acute eyesight. (SInv)
You are a herbivore.
You cover ground extremely quickly.
You need consume almost no food.
You have a pair of horns on your head.


Message History

The quokka bites you.
You hit the gnoll. Your headbutt misses the gnoll.
The gnoll is almost dead.
The gnoll barely misses your ball python.
The gnoll hits you with a club.
* * * LOW HITPOINT WARNING * * *
Your ball python bites the gnoll.
Your ball python constricts the gnoll.
The quokka misses you.
You hit the gnoll.
The gnoll is almost dead.
The gnoll barely misses your ball python.
Your ball python bites the gnoll.
Your ball python constricts the gnoll.
The gnoll misses you. The quokka completely misses you.
Unknown command.
You hit the gnoll but do no damage.
The gnoll is almost dead.
The gnoll hits your ball python with a whip.
Your ball python bites the gnoll.
Your ball python constricts the gnoll.
The quokka bites you.
You die...

####
##r@#
#.g.#
#S.##
#....g###
......g
....♣..
... ..g
## ....
#...#


You could see 3 gnolls, a quokka and a friendly ball python.

Vanquished Creatures
  A dart slug (D:1)
  2 bats (D:1)
  5 goblins (D:1)
  A hobgoblin (D:1)
  4 kobolds (D:1)
  2 ball pythons (D:1)
  A rat (D:1)
16 creatures vanquished.

Notes
Turn   | Place    | Note
-------+----------+-------------------------------------------
     0 | D:1      | mopl the Spriggan Transmuter began the quest for the Orb.
     0 | D:1      | Reached XP level 1. HP: 9/9 MP: 5/5
   184 | D:1      | Reached skill level 3 in Transmutations
   213 | D:1      | Reached XP level 2. HP: 14/14 MP: 4/6
   217 | D:1      | Learned a level 2 spell: Sticks to Snakes
   798 | D:2      | Slain by a quokka

Skill      XL: |  1 |
---------------+----+-----
Transmutations | 3 |  3.3
Fighting       | |  0.7
Dodging        | |  3.0
Unarmed Combat | |  2.8
Spellcasting   | |  2.9

Action                   || total
-------------------------++-------
Melee: Unarmed           ||    70
       Headbutt          ||    10
 Cast: Beastly Appendage ||     8
       Sticks to Snakes  ||     3
 Stab: Sleeping          ||     1
Armor: Robe              ||    11
Dodge: Dodged            ||    59
